 Dungeon Crawl Stone Soup version 0.31.0-11-ge490571c62 (webtiles) character file.

Game seed: 6655070831778607374

27 Ashen the Sneak (level 3, 0/25 HPs)
             Began as a Gnoll Enchanter on Feb 7, 2024.
             Slain by Terence
             ... wielding a +0 hand axe
              (3 damage)
             ... on level 2 of the Dungeon.
             The game lasted 00:01:49 (894 turns).

Ashen the Sneak (Gnoll Enchanter)                    Turns: 894, Time: 00:01:49

Health: 0/25       AC:  2    Str:  7    XL:     3   Next: 10%
Magic:  2/9        EV: 13    Int: 14    God:
Gold:   75         SH:  0    Dex: 14    Spells: 1/12 levels left

rFire   . . .        a - +1 dagger
rCold   . . .        (no shield)
rNeg    . . .        b - +0 robe
rPois   .            (no helmet)
rElec   .            (no cloak)
rCorr   .            (no gloves)
SInv    +            (no boots)
Will    .....        (no amulet)
Stlth   +++          f - ring of see invisible
HPRegen 0.24/turn    (no ring)
MPRegen 0.11/turn

%: no passive effects
@: confusing by touch
A: fangs 1, strong nose, distributed training
a: no special abilities


You were on level 2 of the Dungeon.
You visited 1 branch of the dungeon, and saw 2 of its levels.

You collected 75 gold pieces.

Inventory:

Hand Weapons
 a - a +1 dagger (weapon)
Armour
 b - a +0 robe (worn)
Jewellery
 f - a ring of see invisible (left hand)
 k - a ring of flight
Scrolls
 h - a scroll of identify {unknown}
 i - a scroll of amnesia {unknown}
Potions
 c - 2 potions of invisibility
 d - a potion of resistance {unknown}
 e - a potion of might {unknown}
 g - a potion of curing {unknown}
 j - a potion of magic {unknown}


   Skills:
 + Level 0.6 Fighting
 + Level 2.5 Short Blades
 + Level 0.6 Long Blades
 + Level 0.6 Axes
 + Level 0.6 Maces & Flails
 + Level 0.6 Polearms
 + Level 0.6 Staves
 + Level 0.6 Ranged Weapons
 + Level 0.6 Throwing
 + Level 0.6 Armour
 + Level 4.5 Dodging
 + Level 5.9 Stealth
 + Level 0.6 Shields
 + Level 0.6 Unarmed Combat
 + Level 5.0 Spellcasting
 + Level 0.4 Conjurations
 + Level 5.4 Hexes
 + Level 0.4 Summonings
 + Level 0.4 Necromancy
 + Level 0.4 Translocations
 + Level 0.4 Fire Magic
 + Level 0.4 Ice Magic
 + Level 0.4 Air Magic
 + Level 0.4 Earth Magic
 + Level 0.4 Alchemy
 + Level 0.8 Invocations
 + Level 0.6 Evocations
 + Level 0.5 Shapeshifting


You had one spell level left.
You knew the following spells:

 Your Spells              Type           Power      Damage    Failure   Level
a - Ensorcelled Hibernat  Hex/Ice        22%        N/A       8%          2
b - Confusing Touch       Hex            18%        N/A       6%          3
c - Tukima's Dance        Hex            18%        N/A       6%          3
d - Dazzling Flash        Conj/Hex       22%        N/A       16%         3

Your spell library contained the following spells:

 Spells                   Type           Power      Damage    Failure   Level
 Apportation              Tloc           8%         N/A       14%         1
 Necrotise                Necr           16%        1d4       14%         1
 Sting                    Conj/Alch      16%        1d4       14%         1
 Summon Small Mammal      Summ           16%        N/A       14%         1
 Lesser Beckoning         Tloc           8%         N/A       22%         2
 Gell's Gravitas          Tloc           4%         N/A       41%         3
 Teleport Other           Tloc           4%         N/A       41%         3


Dungeon Overview and Level Annotations

Branches:
Dungeon (2/15)

Altars:

Annotations:
D:2 Sigmund, Terence


Innate Abilities, Weirdness & Mutations

You have very sharp teeth.
Your uncanny sense of smell can sniff out nearby items.
Your experience applies equally to all skills.


Message History

There is a stone staircase leading up here.
There is a stone staircase leading up here.
Terence is nearby!
Cast which spell? (? or * to list)
Aiming: Ensorcelled Hibernation (safe; 8% risk of failure)
Press: ? - help, Shift-Dir - straight line, f - Terence
Aim: Terence, wielding a +0 hand axe and wearing a +0 chain mail (wandering, hasn't noticed you, chance to affect: 53%)
Okay, then.
Found 6 gold pieces.
Terence hits you with a +0 hand axe.
Casting: Ensorcelled Hibernation (safe; 8% risk of failure)
Confirm with . or Enter, or press ? or * to list all spells.
Aiming: Ensorcelled Hibernation (safe; 8% risk of failure)
Press: ? - help, Shift-Dir - straight line, f - Terence
Aim: Terence, wielding a +0 hand axe and wearing a +0 chain mail (chance to affect: 53%) Terence resists with significant effort.
Terence misses you.
Casting: Ensorcelled Hibernation (safe; 8% risk of failure)
Confirm with . or Enter, or press ? or * to list all spells.
Aiming: Ensorcelled Hibernation (safe; 8% risk of failure)
Press: ? - help, Shift-Dir - straight line, f/p - Terence
Aim: Terence, wielding a +0 hand axe and wearing a +0 chain mail (chance to affect: 53%) Terence looks drowsy...
The helpless Terence fails to defend himself.
You impale Terence!!
Terence is almost dead.
Terence barely misses you.
Casting: Ensorcelled Hibernation (safe; 8% risk of failure)
Confirm with . or Enter, or press ? or * to list all spells.
Your hands begin to glow red.
Terence hits you with a +0 hand axe.
Sigmund points at you and mumbles some strange words.
The puff of flame hits you!
You barely miss Terence.
Terence is almost dead.
Terence hits you with a +0 hand axe.
* * * LOW HITPOINT WARNING * * *
You closely miss Terence.
Terence is almost dead.
Terence hits you with a +0 hand axe.
You die...
Terence says, "Rest in peace."

#............
#.##.........
###.#...####...
###....@..... ...
#.........### ∆
#.........#
.##.........#
........@...#
.#.....@....#
#.####.#......
.#...##.# ##...
........### $
.######...# ###.#
#.####
######....#####
.........#.....##


You could see Sigmund and Terence.

Vanquished Creatures
  4 ball pythons (D:1)
  2 endoplasms (D:1)
  A giant cockroach (D:1)
  2 hobgoblins (D:1)
  3 bats (D:1)
  2 frilled lizards (D:1)
  6 goblins (D:1)
  2 kobolds (D:1)
  3 rats (D:1)
25 creatures vanquished.

Notes
Turn   | Place    | Note
-------+----------+-------------------------------------------
     0 | D:1      | Ashen the Gnoll Enchanter began the quest for the Orb.
     0 | D:1      | Reached XP level 1. HP: 13/13 MP: 6/6
   177 | D:1      | Reached XP level 2. HP: 19/19 MP: 7/7
   471 | D:1      | Reached skill level 5 in Spellcasting
   471 | D:1      | Reached XP level 3. HP: 25/25 MP: 7/9
   776 | D:2      | Noticed Sigmund
   778 | D:2      | Noticed Terence
   820 | D:1      | Learned a level 2 spell: Ensorcelled Hibernation
   824 | D:1      | Learned a level 3 spell: Confusing Touch
   828 | D:1      | Learned a level 3 spell: Tukima's Dance
   832 | D:1      | Learned a level 3 spell: Dazzling Flash
   894 | D:2      | Slain by Terence

Illustrated notes

Levels and vault maps discovered:
D:1:      eino_arrival_cavern_e, layout_loops_ring, nrook_mini_vaults,
          dreamdust_mushroom_princess
D:2:      layout_basic, basic_altar, serial_shops, shop,
          chequers_ecumenical_altar_simple_redux, uniq_sigmund, uniq_terence

Skill      XL: |  1  2 |
---------------+-------+-----
Spellcasting   | 5 |  5.0
Fighting       | |  0.6
Short Blades   | |  2.5
Long Blades    | |  0.6
Axes           | |  0.6
Maces & Flails | |  0.6
Polearms       | |  0.6
Staves         | |  0.6
Ranged Weapons | |  0.6
Throwing       | |  0.6
Armour         | |  0.6
Dodging        | |  4.5
Stealth        | |  5.9
Shields        | |  0.6
Unarmed Combat | |  0.6
Conjurations   | |  0.4
Hexes          | |  5.4
Summonings     | |  0.4
Necromancy     | |  0.4
Translocations | |  0.4
Fire Magic     | |  0.4
Ice Magic      | |  0.4
Air Magic      | |  0.4
Earth Magic    | |  0.4
Alchemy        | |  0.4
Invocations    | |  0.8
Evocations     | |  0.6
Shapeshifting  | |  0.5

Action                     || total
---------------------------++-------
  Melee: Dagger            ||    61
         Bite              ||     7
   Cast: Ensorcelled Hiber ||     2
         Confusing Touch   ||     1
   Stab: Sleeping          ||     7
 Armour: Robe              ||    25
  Dodge: Dodged            ||    36
